 Dungeon Crawl Stone Soup version 0.28.0-43-g3370ac3207 (webtiles) character file.

Game seed: 4545389481071173487

100 crimpus the Covered (level 4, -7/38 HPs)
             Began as a Demigod Fighter on Mar 15, 2022.
             Killed from afar by Ijyb (16 damage)
             ... with a bolt of acid
             ... on level 3 of the Dungeon.
             The game lasted 00:01:57 (2154 turns).

crimpus the Covered (Demigod Fighter)               Turns: 2154, Time: 00:01:58

Health: -7/38      AC:  4    Str: 21    XL:     4   Next: 23%
Magic:  6/6        EV:  9    Int: 10    God:
Gold:   50         SH: 10    Dex: 13    Spells: 3/3 levels left

rFire   . . .      SeeInvis .   p - +0 mace
rCold   . . .      Faith    .   c - +0 buckler
rNeg    . . .      Spirit   .   b - +0 scale mail
rPois   .          Reflect  +   (no helmet)
rElec   .          Harm     .   (no cloak)
rCorr   .          Rampage  .   i - +0 pair of gloves
Will    .....                   (no boots)
Stlth   ..........              e - amulet of reflection
HPRegen 0.12/turn               (no ring)
MPRegen 0.10/turn               (no ring)

@: corroded
A: high MP 1, forlorn, divine attributes
a: no special abilities


You were on level 3 of the Dungeon.
You visited 1 branch of the dungeon, and saw 4 of its levels.

You collected 50 gold pieces.

Inventory:

Hand Weapons
 p - a +0 mace (weapon)
Armour
 b - a +0 scale mail (worn)
 c - a +0 buckler (worn)
 i - a +0 pair of gloves (worn)
Jewellery
 e - an amulet of reflection (around neck)
Scrolls
 g - a scroll of torment {unknown}
 h - a scroll of magic mapping {unknown}
 m - a scroll of identify {unknown}
 o - a scroll of immolation {unknown}
 q - a scroll of teleportation {unknown}
 r - a scroll of fear {unknown}
Potions
 a - 2 potions of degeneration {unknown}
 d - a potion of might
 f - 2 potions of cancellation {unknown}
 j - 2 potions of curing {unknown}
 k - a potion of flight {unknown}
 l - a potion of magic {unknown}
 n - 2 potions of haste {unknown}
 s - a potion of ambrosia {unknown}


   Skills:
 + Level 3.0 Fighting
 + Level 2.8 Maces & Flails
 + Level 3.4 Armour
 + Level 3.3 Shields


You had 3 spell levels left.
You didn't know any spells.
Your spell library contained the following spells:

 Spells                   Type           Power      Damage    Failure   Level
 Static Discharge         Conj/Air       0%         N/A       90%         2
 Dispel Undead            Necr           0%         3d6       100%        4
 Hailstorm                Conj/Ice       0%         3d3       100%        4
 Ice Form                 Ice/Tmut       0%         N/A       100%        4
 Sticky Flame             Conj/Fire      0%         2d3       100%        4
 Simulacrum               Ice/Necr       0%         N/A       100%        6


Dungeon Overview and Level Annotations

Branches:
Dungeon (4/15)
 Temple: D:4-7

Annotations:
D:3 Ijyb


Innate Abilities, Weirdness & Mutations

You have an increased reservoir of magic. (+10% MP)
You shall have no god before yourself.
Your divine heritage dramatically boosts your attributes as you level up.


Message History

You start resting.
HP restored.
You start waiting.
Done waiting.
You start waiting.
Done waiting.
You start waiting.
Done waiting.
There is an escape hatch in the ceiling here.
A mysterious force pulls you upwards. The hatch slams shut behind you.
s - a white potion
There is an escape hatch in the ceiling here.
There is an open door here.
There is an open door here.
Found a stone staircase leading down.
There is a stone staircase leading down here.
Done exploring.
Done exploring.
There is a stone staircase leading down here.
You climb downwards.
There is a stone staircase leading up here.
An endoplasm comes into view.
The endoplasm quivers.
An endoplasm is nearby!
Ijyb the Twisted Goblin comes into view.
She is wielding a +0 club and carrying a wand of acid (10).
The endoplasm freezes you.
You are frozen.
You barely miss the endoplasm. The endoplasm closely misses you.
You hit the endoplasm.
The endoplasm is almost dead.
The endoplasm freezes you.
You are frozen.
The endoplasm misses you.
You hit the endoplasm.
You kill the endoplasm!
Ijyb zaps a wand.
The bolt of acid hits you!!
Ouch! That really hurt!
* * * LOW HITPOINT WARNING * * *
The acid corrodes you!
Ijyb zaps a wand.
The bolt of acid hits you!
You die...

...........#
..........#
.........#
#........#
#...g....#
#........#
#....##### ..
#....#
....####@...#
............#
##+####.#####
#.# #.# #.#
#.# #.# #.#


You could see Ijyb.

Vanquished Creatures
  Natasha (D:3)
  3 adders
  3 worms
  A dart slug (D:1)
  2 endoplasms
  3 giant cockroaches
  4 goblins
  2 hobgoblins (D:1)
  2 quokkas (D:1)
  5 ball pythons
  4 bats
  2 frilled lizards
  7 kobolds
  2 rats
41 creatures vanquished.

Notes
Turn   | Place    | Note
-------+----------+-------------------------------------------
     0 | D:1      | crimpus the Demigod Fighter began the quest for the Orb.
     0 | D:1      | Reached XP level 1. HP: 18/18 MP: 3/3
   308 | D:1      | Reached XP level 2. HP: 22/25 MP: 4/4
   748 | D:2      | Reached XP level 3. HP: 23/30 MP: 5/5
  1364 | D:2      | You fall into a shaft and drop 2 floors!
  1587 | D:3      | Noticed Natasha
  1602 | D:3      | Killed Natasha
  1603 | D:3      | Reached XP level 4. HP: 27/38 MP: 6/6
  2148 | D:3      | Noticed Ijyb
  2154 | D:3      | Killed from afar by Ijyb

Illustrated notes

Levels and vault maps discovered:
D:1:      dpeg_arrival_court, layout_rooms
D:2:      layout_basic
D:3:      layout_basic, hellmonk_ecumenical_altar_leap_of_faith,
          serial_bayou_crossing, uniq_natasha, uniq_ijyb
D:4:      layout_rooms, mainiacjoe_overflow_brackets, st_stairs_9

Skill      XL: |  1  2  3 |
---------------+----------+-----
Armour         | 3 |  3.4
Maces & Flails | 2 |  2.8
Shields        | 3 |  3.3
Fighting       | 3 |  3.0

Action                   |  1- 3 |  4- 6 || total
-------------------------+-------+-------++-------
Melee: Flail             |    68 |       ||    68
       Mace              |    91 |     3 ||    94
Armor: Scale mail        |    80 |       ||    80
Dodge: Dodged            |    72 |     2 ||    74
Block: Buckler           |    69 |       ||    69
       Reflection        |     2 |       ||     2
